 Dungeon Crawl Stone Soup version 0.26-a0-611-g354ed81 (webtiles) character file.

Game seed: 6318656181363822247

84 B1Gdaddy5 the Sneak (level 4, 0/34 HPs)
             Began as a Human Brigand on Sept 5, 2020.
             Succumbed to an adder's poison
             ... on level 2 of the Dungeon on Sept 6, 2020.
             The game lasted 00:14:03 (2206 turns).

B1Gdaddy5 the Sneak (Human Brigand)                 Turns: 2206, Time: 00:14:03

Health: 0/34       AC:  3    Str: 11    XL:     4   Next: 72%
Magic:  4/4        EV: 12    Int: 11    God:
Gold:   107        SH:  0    Dex: 16    Spells: 3/3 levels left

rFire    . . .     SeeInvis .   a - +2 dagger
rCold    . . .     Faith    .   (no shield)
rNeg     + . .     Spirit   .   b - +0 robe
rPois    .         Reflect  .   (no helmet)
rElec    .         Harm     .   c - +0 cloak
rCorr    .                      (no gloves)
MR       .....                  (no boots)
Stlth    +++.......             (no amulet)
HPRegen  0.11/turn              i - ring of positive energy
MPRegen  0.09/turn              (no ring)

@: lethally poisoned (0 -> -6)
A: no striking features
a: no special abilities


You were on level 2 of the Dungeon.
You visited 1 branch of the dungeon, and saw 2 of its levels.

You collected 107 gold pieces.

Inventory:

Hand Weapons
 a - a +2 dagger (weapon)
Missiles
 d - 7 poisoned darts (quivered)
 e - 2 curare-tipped darts
Armour
 b - a +0 robe (worn)
 c - a +0 cloak (worn)
Jewellery
 i - a ring of positive energy (left hand)
Scrolls
 f - 2 scrolls of identify
 h - 2 scrolls of fog {unknown}
 j - a scroll of enchant armour {unknown}
 k - 2 scrolls of magic mapping {unknown}
 l - a scroll of noise {unknown}
Potions
 g - a potion of brilliance


   Skills:
 + Level 2.4 Fighting
 + Level 2.7 Short Blades
 + Level 2.4 Throwing
 + Level 1.4 Dodging
 + Level 5.0 Stealth


You had 3 spell levels left.
You didn't know any spells.
Your spell library was empty.

Dungeon Overview and Level Annotations

Branches:
Dungeon (2/15)

Altars:
Kikubaaqudgha
Makhleb
Trog
Uskayaw
Vehumet
Xom
Zin
The Shining One


Message History

* * * LOW HITPOINT WARNING * * *
You hit the adder but do no damage.
The adder is almost dead.
* * * LOW HITPOINT WARNING * * *
You feel sick. The adder closely misses you. The adder bites you.
* * * LOW HITPOINT WARNING * * *
You closely miss the adder.
The adder is almost dead.
The adder bites you but does no damage.
As you read the scroll labeled TAERUMMOSIE, it crumbles to dust.
It is a scroll of identify.
g - a potion of brilliance
* * * LOW HITPOINT WARNING * * *
You feel sick. The adder bites you.
* * * LOW HITPOINT WARNING * * *
You hit the adder.
You kill the adder!
* * * LOW HITPOINT WARNING * * *
You feel sick.
You die...

#.........
#.........
#.........
#.........
#.........
#########.........
#.................
#.################
#@# #.# #.# #.#
#.# #?. #.# .##
#.. .... ....#


There were no monsters in sight!

Vanquished Creatures
  5 adders (D:2)
  An ooze (D:1)
  A worm (D:2)
  A leopard gecko (D:2)
  4 giant cockroaches
  3 goblins
  3 hobgoblins (D:1)
  3 jackals (D:2)
  A quokka (D:2)
  2 bats (D:1)
  2 frilled lizards
  2 kobolds (D:1)
  3 rats (D:1)
31 creatures vanquished.

Notes
Turn   | Place    | Note
-------+----------+-------------------------------------------
     0 | D:1      | B1Gdaddy5 the Human Brigand began the quest for the Orb.
     0 | D:1      | Reached XP level 1. HP: 16/16 MP: 1/1
   108 | D:1      | Reached XP level 2. HP: 22/22 MP: 2/2
   961 | D:2      | Found a burning altar of Makhleb.
   975 | D:2      | Reached XP level 3. HP: 27/27 MP: 3/3
   980 | D:2      | Found a shimmering altar of Xom.
   981 | D:2      | Found a shimmering altar of Xom.
  1050 | D:2      | Found a shimmering altar of Xom.
  1057 | D:2      | Found a shimmering altar of Xom.
  1523 | D:2      | Reached XP level 4. HP: 18/33 MP: 4/4
  2020 | D:2      | Found a glowing golden altar of the Shining One.
  2021 | D:2      | Found a bloodstained altar of Trog.
  2021 | D:2      | Found a hide-covered altar of Uskayaw.
  2038 | D:2      | Found an ancient bone altar of Kikubaaqudgha.
  2038 | D:2      | Found a radiant altar of Vehumet.
  2039 | D:2      | Found a glowing silver altar of Zin.
  2050 | D:2      | Reached skill level 5 in Stealth
  2204 | D:2      | HP: 1/34 [poisoned by an adder]
  2206 | D:2      | Succumbed to an adder's poison

Illustrated notes

Levels and vault maps discovered:
D:1:      wander_arrival_chamber, layout_loops_ring, minmay_split_cup_small
D:2:      layout_basic, grunt_temple_overflow_open, xom_redecorated,
          serial_glass, glass_columns_b, glass_columns_c, glass_columns_c,
          glass_columns_a, glass_columns_a, glass_columns_a, glass_columns_c,
          glass_columns_a, bloody_makhleb

Skill      XL: |  1  2  3  4 |
---------------+-------------+-----
Stealth        | 5 |  5.0
Fighting       | |  2.4
Short Blades   | |  2.7
Throwing       | |  2.4
Dodging        | |  1.4

Action                   |  1- 3 |  4- 6 || total
-------------------------+-------+-------++-------
Melee: Dagger            |    96 |    51 ||   147
Throw: Dart              |    13 |     2 ||    15
  Use: Scroll            |       |     1 ||     1
Armor: Robe              |    20 |    10 ||    30
Dodge: Dodged            |    73 |    22 ||    95

Table legend: (Time is in decaauts)
 A = Elapsed time spent in this place.
 B = Non-inter-level travel time spent in this place.
 C = Inter-level travel time spent in this place.
 D = Time resting spent in this place.
 E = Time spent auto-exploring this place.
 F = Levels seen in this place.
 G = Mean time per level.
                   A        B        C        D        E       F      G
               +--------+--------+--------+--------+--------+-----+--------+
         Total |   2188 |   2173 |     15 |    597 |    936 |   2 | 1094.0 |
       Dungeon |   2188 |   2173 |     15 |    597 |    936 |   2 | 1094.0 |
               +--------+--------+--------+--------+--------+-----+--------+

Top non-repeatable levels by time:
     D:2: 1236 daAuts
     D:1: 952 daAuts
